 Dungeon Crawl Stone Soup version 0.30-a0-168-g0b976cbdc4 (webtiles) character file.

Game seed: 15989679090153207204

303 qw the Chopper (level 6, -3/38 HPs)
             Began as a Gargoyle Fighter on Sept 29, 2022.
             Slain by an iguana (5 damage)
             ... on level 4 of the Dungeon.
             The game lasted 00:01:22 (4225 turns).

qw the Chopper (Gargoyle Fighter)                   Turns: 4225, Time: 00:01:23

Health: -3/38      AC:  1    Str: 22    XL:     6   Next: 38%
Magic:  5/5        EV:  9    Int:  8    God:
Gold:   240        SH:  4    Dex:  9    Spells: 5/5 levels left

rFire   . . .      SeeInvis +    Y - +0 war axe
rCold   . . .      Faith    .    c - +0 buckler
rNeg    + . .      Spirit   .    b - +0 scale mail
rPois   inf        Reflect  .    (no helmet)
rElec   +          Harm     .    (no cloak)
rCorr   .          Rampage  .    (no gloves)
Will    .....                    a - +0 pair of boots
Stlth   ..........               (no amulet)
HPRegen 0.12/turn                k - ring of see invisible
MPRegen 0.09/turn                (no ring)

@: about to teleport, corroded
A: sickness immunity, AC +4, negative energy resistance 1, electricity
resistance, torment resistance 1, petrification resistance, talons 1, deformed
body, low MP 1
a: no special abilities


You were on level 4 of the Dungeon.
You visited 1 branch of the dungeon, and saw 4 of its levels.

You collected 240 gold pieces.


Innate Abilities, Weirdness & Mutations

You are immune to sickness and miasma.
Your stone body is resilient. (AC +4)
You are immune to poison.
You resist negative energy. (rN+)
You are resistant to electric shocks. (rElec)
You are resistant to unholy torment.
You are immune to petrification.
You have sharp toenails.
Armour fits poorly on your strangely shaped body.
Your magical capacity is low. (-10% MP)


   Skills:
 - Level 4.0 Fighting
 + Level 5.4 Axes
 - Level 3.2 Armour
 - Level 1.0 Dodging
 - Level 3.2 Shields


You had 5 spell levels left.
You didn't know any spells.
Your spell library was empty.

Inventory:

Hand Weapons
 j - a +0 whip
 Y - a +0 war axe (weapon)
Missiles
 l - 2 boomerangs (quivered)
Armour
 a - a +0 pair of boots (worn)
 b - a +0 scale mail (worn)
 c - a +0 buckler (worn)
 n - a +0 cloak
Jewellery
 k - a ring of see invisible (left hand)
Scrolls
 e - a scroll of enchant armour {unknown}
 f - 2 scrolls of identify
Potions
 d - 2 potions of might
 h - a potion of haste
 i - a potion of heal wounds
 m - a potion of lignification {unknown}

Dungeon Overview and Level Annotations

Branches:
Dungeon (4/15)
 Temple: D:4-7

Altars:

Annotations:
D:3 3 runed translucent doors, qw's ghost, amateur GrFi


Message History

There is an open door, spattered with blood here.
You open the door.
Found 4 poisoned darts.
There is an open door here.
As you open the door, it creaks loudly!
A jelly, an iguana, an orc and an endoplasm come into view.
The jelly quivers.
The iguana hisses angrily.
The orc shouts!
The endoplasm quivers.
A giant cockroach comes into view.
The orc moves out of view.
4218 ||| Stepping ~*~*~tactically~*~*~ (stealth).
The jelly attacks as you move away! The jelly hits you but does no damage.
You barely miss the jelly. The jelly hits you but does no damage.
The jelly closely misses you.
You hit the jelly.
Your hands burn!
The jelly is moderately wounded.
The jelly hits you but does no damage.
You hit the jelly.
Your hands burn!
The jelly is heavily wounded.
You hit the iguana. You block the iguana's attack.
The jelly closely misses you.
You hit the jelly. The acid corrodes you!
Your hands burn!
The jelly is severely wounded.
You hit the iguana but do no damage.
The iguana bites you but does no damage.
The jelly hits you. The acid corrodes you!
You are splashed with acid!
4223 ||| Stepping ~*~*~tactically~*~*~ (stealth).
The jelly attacks as you move away! The jelly barely misses you.
You slash the jelly!
You kill the jelly!
You hit the iguana but do no damage. You block the iguana's attack.
The iguana bites you!
The endoplasm hits you but does no damage.
4225 ||| READING scroll of teleportation.
As you read the scroll of teleportation, it crumbles to dust.
You feel strangely unstable. The orc hits you with a +0 mace.
The endoplasm closely misses you. The iguana bites you.
You die...

#..##.#####.........####
#...#'#...+.#..........##
+#........##.##..........#
#........###.#...........#
#.........#.#..............
.......#...#'(#...........#..
###.........#.#.##......#.#..
##.......J###.##......#....
+#......l@##.#.#........#.
#...#'#o..+...#........#.
#..##.#####.#............ ## #.#
B. #.#...........# ... # ..B
#.......?......
...######+#########.#..#.).......
.......................#....)....
#.............#..##......)....
####...###<.....##..##...........


You could see an iguana, an orc and an endoplasm.

Vanquished Creatures
  A jelly (D:4)
  An orc priest (D:3)
  Jessica (D:2)
  Natasha (twice) (D:4)
  An orc wizard (D:3)
  3 adders
  3 worms
  3 dart slugs
  12 orcs
  7 bats
  5 endoplasms
  3 giant cockroaches
  10 goblins
  4 hobgoblins
  4 jackals (D:4)
  9 kobolds
  A quokka (D:1)
  12 ball pythons
  4 frilled lizards
  6 rats
92 creatures vanquished.

Vanquished Creatures (others)
  4 toadstools (D:1)
4 creatures vanquished.

Grand Total: 96 creatures vanquished

Notes
Turn   | Place    | Note
-------+----------+-------------------------------------------
     0 | D:1      | qw the Gargoyle Fighter began the quest for the Orb.
     0 | D:1      | Reached XP level 1. HP: 14/14 MP: 1/1
     0 | D:1      | 0 ||| qw: Version: 0.2-a-12-gaebbb33
     0 | D:1      | 0 ||| qw: Game counter: 1085
     0 | D:1      | 0 ||| qw: Always use a shield: true
     0 | D:1      | 0 ||| qw: God list: Okawaru
     0 | D:1      | 0 ||| qw: Allow faded altars: false
     0 | D:1      | 0 ||| qw: Do Orc after D:15 true
     0 | D:1      | 0 ||| qw: Do second Lair branch before Depths: true
     0 | D:1      | 0 ||| qw: Lair rune preference: random
     0 | D:1      | 0 ||| qw: Plans: Normal, Zot:1-4, God:TSO, Crypt, Tomb,
                  | Pan, Slime:5, Hells, Abyss, Orb
     0 | D:1      | 0 ||| PLANNING D:1-11
   117 | D:1      | Reached skill level 2 in Axes
   252 | D:1      | Reached XP level 2. HP: 19/19 MP: 2/2
   311 | D:1      | 311 ||| Stepping ~*~*~tactically~*~*~ (stealth).
   551 | D:1      | HP: 3/19 [goblin/+3 dagger of pain (4)]
   951 | D:1      | 951 ||| Stepping ~*~*~tactically~*~*~ (stealth).
   953 | D:1      | 953 ||| Stepping ~*~*~tactically~*~*~ (stealth).
   956 | D:1      | Reached skill level 3 in Axes
   961 | D:1      | Reached XP level 3. HP: 21/23 MP: 3/3
   972 | D:1      | 972 ||| Stepping ~*~*~tactically~*~*~ (stealth).
   973 | D:1      | 973 ||| Stepping ~*~*~tactically~*~*~ (stealth).
  1325 | D:1      | 1325 ||| READING scroll labelled FIM FAIDGHOUTZOU.
  1326 | D:1      | 1326 ||| READING 2 scrolls labelled ROEQAY ROEX.
  1327 | D:1      | 1327 ||| READING scroll labelled SIOLIAF LEOSU.
  1328 | D:1      | 1328 ||| READING scroll labelled FUESKI YDDOWE.
  1371 | D:2      | Noticed Jessica
  1372 | D:2      | Killed Jessica
  1465 | D:2      | Reached XP level 4. HP: 28/28 MP: 4/4
  1465 | D:2      | 1465 ||| Stepping ~*~*~tactically~*~*~ (stealth).
  1634 | D:2      | Reached skill level 4 in Axes
  1693 | D:2      | 1693 ||| Stepping ~*~*~tactically~*~*~ (hiding).
  1944 | D:2      | 1944 ||| DROPPING +0 club.
  2359 | D:2      | 2359 ||| UPGRADING to +0 pair of boots.
  2364 | D:2      | 2364 ||| UPGRADING to ring of see invisible.
  2365 | D:2      | 2365 ||| READING scroll labelled ZOSUTT KABUJE.
  2366 | D:2      | 2366 ||| DRINKING 2 fizzy golden potions.
  2367 | D:2      | 2367 ||| READING 3 scrolls of identify.
  2367 | D:2      | 2367 ||| IDENTIFYING blue potion
  2368 | D:2      | 2368 ||| READING 2 scrolls of identify.
  2368 | D:2      | 2368 ||| IDENTIFYING yellow potion
  2369 | D:2      | 2369 ||| DROPPING potion of flight.
  2563 | D:3      | Found a runed translucent gate.
  2563 | D:3      | Found a runed translucent gate.
  2581 | D:3      | Reached XP level 5. HP: 15/32 MP: 5/5
  2761 | D:3      | 2761 ||| Stepping ~*~*~tactically~*~*~ (stealth).
  2763 | D:3      | 2763 ||| Stepping ~*~*~tactically~*~*~ (stealth).
  2847 | D:3      | Reached skill level 5 in Axes
  3276 | D:3      | 3276 ||| Stepping ~*~*~tactically~*~*~ (hiding).
  3536 | D:3      | Noticed qw's ghost (amateur GrFi)
  3536 | D:3      | Noticed a kobold brigand
  3537 | D:3      | Found a runed translucent gate.
  3592 | D:3      | 3592 ||| READING scroll labelled XUMOLO EZIHY.
  3593 | D:3      | 3593 ||| READING 2 scrolls labelled WIFIFEONLO.
  3596 | D:3      | 3596 ||| DRINKING 2 lumpy cyan potions.
  3596 | D:3      | Gained mutation: You are frail. (-10% HP) [potion of
                  | mutation]
  3597 | D:3      | 3597 ||| DRINKING potion of mutation.
  3597 | D:3      | Lost mutation: You are frail. (-10% HP) [potion of
                  | mutation]
  3597 | D:3      | Gained mutation: Armour fits poorly on your strangely
                  | shaped body. [potion of mutation]
  3597 | D:3      | Gained mutation: Your magical capacity is low. (-10% MP)
                  | [potion of mutation]
  3597 | D:3      | Gained mutation: You have sharp toenails. [potion of
                  | mutation]
  3684 | D:4      | 3684 ||| Stepping ~*~*~tactically~*~*~ (stealth).
  3687 | D:4      | 3687 ||| Stepping ~*~*~tactically~*~*~ (stealth).
  3728 | D:4      | 3728 ||| Stepping ~*~*~tactically~*~*~ (stealth).
  3756 | D:4      | Noticed Natasha
  3769 | D:4      | Killed Natasha
  3770 | D:4      | Reached XP level 6. HP: 11/38 MP: 5/5
  3987 | D:4      | Noticed Natasha
  3997 | D:4      | Killed Natasha
  4115 | D:4      | 4115 ||| Stepping ~*~*~tactically~*~*~ (stealth).
  4118 | D:4      | Reached skill level 1 in Dodging
  4218 | D:4      | 4218 ||| Stepping ~*~*~tactically~*~*~ (stealth).
  4223 | D:4      | 4223 ||| Stepping ~*~*~tactically~*~*~ (stealth).
  4224 | D:4      | HP: 8/38 [iguana (13)]
  4225 | D:4      | 4225 ||| READING scroll of teleportation.
  4225 | D:4      | HP: 2/38 [orc/+0 mace (6)]
  4225 | D:4      | Slain by an iguana

Levels and vault maps discovered:
D:1:      ldierk_walled_garden_2, layout_loops_ring, minmay_misc_feat_x
D:2:      layout_basic, uniq_jessica
D:3:      layout_basic, gammafunk_ghost_nasty_kobolds, st_stairs_4,
          minmay_misc_feat_nine_boxes
D:4:      layout_cave_pools, minmay_pentangle, uniq_natasha

Skill      XL: |  1  2  3  4  5  6 |
---------------+-------------------+-----
Axes           | 2 3 4 5 |  5.4
Fighting       | 4 |  4.0
Dodging        | 1 |  1.0
Armour         | |  3.2
Shields        | |  3.2

Action                   |  1- 3 |  4- 6 || total
-------------------------+-------+-------++-------
Melee: War axe           |    81 |   196 ||   277
Throw: Boomerang         |       |    29 ||    29
  Use: Scroll            |     4 |     6 ||    10
       Potion            |       |     3 ||     3
Armor: Scale mail        |    40 |   107 ||   147
Dodge: Dodged            |    40 |    97 ||   137
Block: Buckler           |     9 |    27 ||    36

Table legend:
 A = Non-vault XP
 B = Vault XP
 C = Vault XP percentage of total XP
 D = Non-vault monster count
 E = Vault monster count
 F = Vault count percentage of total count
                 A         B        C        D         E       F
            +---------+---------+-------+---------+---------+-------
      Total |     302 |     132 |  30.4 |      87 |       5 |   5.4
            +---------+---------+-------+---------+---------+-------
        D:1 |      44 |       0 |   0.0 |      26 |       0 |   0.0
        D:2 |      52 |      37 |  41.6 |      21 |       1 |   4.5
        D:3 |     124 |      16 |  11.4 |      24 |       2 |   7.7
        D:4 |      82 |      79 |  49.1 |      16 |       2 |  11.1
            +---------+---------+-------+---------+---------+-------
